 Dungeon Crawl Stone Soup version 0.28-a0-1143-gcf6077d4cc (webtiles) character file.

Game seed: 4497390115246138692

202 coolguy420 the Conjurer (level 5, -6/26 (28) HPs)
             Began as a Deep Elf Conjurer on Dec 13, 2021.
             Was an Initiate of Vehumet.
             Killed by a bolt of negative energy (32 damage)
             ... invoked by the anger of Yredelemnul
             ... on level 4 of the Dungeon.
             The game lasted 00:06:23 (3421 turns).

coolguy420 the Conjurer (Deep Elf Conjurer)         Turns: 3421, Time: 00:06:23

HP:   -6/26 (28)    AC:  2    Str:  4    XL:     5   Next: 50%
MP:   14/14         EV: 12    Int: 25    God:    Vehumet [......]
Gold: 90            SH:  0    Dex: 13    Spells: 10/13 levels left

rFire   . . .      SeeInvis .   (no weapon)
rCold   . . .      Faith    .   (no shield)
rNeg    . . .      Spirit   .   a - +0 robe
rPois   .          Reflect  .   (no helmet)
rElec   .          Harm     .   (no cloak)
rCorr   .          Rampage  .   (no gloves)
Will    .....                   (no boots)
Stlth   ++........              (no amulet)
HPRegen 0.08/turn               (no ring)
MPRegen 0.14/turn               (no ring)

@: drained
A: no striking features
a: Renounce Religion


You were on level 4 of the Dungeon.
You worshipped Vehumet.
Vehumet was noncommittal.
You visited 2 branches of the dungeon, and saw 7 of its levels.

You collected 90 gold pieces.

Inventory:

Armour
 a - a +0 robe (worn)
Wands
 m - a wand of flame (25)
Scrolls
 b - a scroll of holy word {unknown}
 g - a scroll of torment {unknown}
 h - a scroll of magic mapping {unknown}
 i - a scroll of fear {unknown}
 j - a scroll of blinking {unknown}
 l - a scroll of fog {unknown}
 o - a scroll of immolation {unknown}
 p - a scroll of identify {unknown}
 q - a scroll of noise {unknown}
Potions
 c - a potion of heal wounds {unknown}
 d - 3 potions of mutation {unknown}
 e - a potion of attraction {unknown}
 f - a potion of might {unknown}
 k - a potion of lignification {unknown}
 n - a potion of resistance {unknown}


   Skills:
 + Level 2.9 Dodging
 + Level 3.5 Stealth
 + Level 4.7 Spellcasting
 + Level 6.2 Conjurations


You had 10 spell levels left.
You knew the following spells:

 Your Spells              Type           Power      Damage    Failure   Level
a - Magic Dart            Conj           100%       1d8       1%          1
b - Searing Ray           Conj           74%        2d7       1%          2

Your spell library contained the following spells:

 Spells                   Type           Power      Damage    Failure   Level
 Dazzling Flash           Conj/Hex       42%        N/A       7%          3
 Fulminant Prism          Conj/Hex       10%        3d9       24%         4
 Iskenderun's Mystic Bla  Conj/Tloc      21%        2d6       24%         4


Dungeon Overview and Level Annotations

Branches:
Dungeon (6/15)             Temple (1/1) D:6

Altars:
Ashenzari
Cheibriados
Dithmenos
Elyvilon
Gozag
Hepliaklqana
Kikubaaqudgha
Makhleb
Nemelex Xobeh
Okawaru
Qazlal
Ru
Sif Muna
Trog
Uskayaw
Vehumet
Wu Jian
Xom
Yredelemnul
Zin
The Shining One

Annotations:
D:3 2 runed translucent doors


Message History

There is a stone staircase leading up here.
q - a scroll labelled QIS WASAOTYEHI An ogre comes into view.
It is wielding a +0 giant club.
The magic dart hits the ogre.
The ogre is lightly wounded.
The ogre shouts!
The magic dart hits the ogre.
The ogre is lightly wounded.
The magic dart hits the ogre.
The ogre is moderately wounded.
The magic dart hits the ogre.
The ogre is moderately wounded.
The magic dart hits the ogre.
The ogre is heavily wounded.
The magic dart hits the ogre.
The ogre is severely wounded.
The ogre closely misses you.
The magic dart hits the ogre.
The ogre is almost dead.
The ogre barely misses you.
The magic dart hits the ogre.
The ogre is almost dead.
The magic dart hits the ogre.
You kill the ogre!
Vehumet accepts your kill.
Your Conjurations skill increases to level 6!
You have reached level 5!
Magic restored.
There is a stone staircase leading up here.
Found a stone staircase leading down.
You now have 90 gold pieces (gained 10).
You open the door.
There is an open door here.
You open the door.
There is an open door here.
You open the door.
Yredelemnul's anger turns toward you for a moment.
The bolt of negative energy hits you!!
You feel drained.
Ouch! That really hurt!
You die...

# # ##### # #.... # #.... # #..[.
# #.... #######
####################.... .......
.......@.......#........
#######################.#.###.###
.................................
############......###.#.#.#...#.#
############......###.#.#.#...#+#
...........'..............##.....
############......#####..........
...........'..........#.#.##.#...
#####.....##......###.#.#.##.##+#


You could see the anger of Yredelemnul (unaware).

Vanquished Creatures
  An ogre (D:4)
  3 adders
  A shadow imp (D:3)
  3 worms (D:2)
  A dart slug (D:2)
  An orc (D:4)
  6 ball pythons
  2 endoplasms (D:1)
  A giant cockroach (D:1)
  6 goblins
  7 hobgoblins
  5 quokkas
  9 bats
  4 frilled lizards
  8 kobolds
  6 rats
64 creatures vanquished.

Vanquished Creatures (collateral kills)
  A dart slug (D:1)
  An endoplasm (D:3)
  A hobgoblin (D:1)
  A rat (D:3)
4 creatures vanquished.

Vanquished Creatures (others)
  A kobold zombie (D:2)
  3 plants (D:1)
4 creatures vanquished.

Grand Total: 72 creatures vanquished

Notes
Turn   | Place    | Note
-------+----------+-------------------------------------------
     0 | D:1      | coolguy420 the Deep Elf Conjurer began the quest for the
                  | Orb.
     0 | D:1      | Reached XP level 1. HP: 10/10 MP: 6/6
   201 | D:1      | Reached XP level 2. HP: 15/15 MP: 6/8
   421 | D:1      | Reached skill level 5 in Conjurations
   662 | D:1      | Found a faded altar of an unknown god.
   671 | D:1      | Prayed at the altar of an unknown god.
   671 | D:1      | Became a worshipper of Yredelemnul the Dark
   671 | D:1      | Reached * piety under Yredelemnul
   909 | D:1      | Reached XP level 3. HP: 19/19 MP: 6/9
  1717 | D:2      | Reached XP level 4. HP: 21/24 MP: 8/11
  1854 | D:2      | Reached ** piety under Yredelemnul
  1946 | D:2      | Learned a level 2 spell: Searing Ray
  2437 | D:3      | Found a large runed translucent door.
  2437 | D:3      | Found a large runed translucent door.
  2527 | D:3      | You fall into a shaft and drop 3 floors!
  2527 | D:6      | Found a staircase to the Ecumenical Temple.
  2539 | Temple   | Entered the Ecumenical Temple
  2675 | Temple   | Fell from the grace of Yredelemnul
  2675 | Temple   | Became a worshipper of Vehumet
  2736 | D:5      | Entered Level 5 of the Dungeon
  3249 | D:4      | Noticed an ogre
  3258 | D:4      | Killed an ogre
  3259 | D:4      | Reached skill level 6 in Conjurations
  3259 | D:4      | Reached XP level 5. HP: 28/28 MP: 4/14
  3421 | D:4      | Killed by a bolt of negative energy

Illustrated notes

Levels and vault maps discovered:
D:1:      saegor_arrival_miasma, layout_basic, serial_forest,
          infiniplex_forest_lined_room_3, infiniplex_forest_end_2,
          infiniplex_forest_join, infiniplex_forest_lined_3,
          infiniplex_forest_zigzag_1, infiniplex_forest_clump_curved,
          infiniplex_forest_straight_4, infiniplex_forest_lined_4_way,
          infiniplex_forest_3_way, hellmonk_ecumenical_altar_crossroads
D:2:      layout_rooms
D:3:      layout_loops_ring, jmf_multi_god_temple2, grunt_ministairs_15
D:4:      layout_basic
D:5:      layout_loops_ring, minmay_starry_boxes
D:6:      minmay_general_purpose_star, layout_cave_pods,
          minmay_temple_entry_large_hall, minmay_misc_feat_iff
Temple:   regret_index_temple_chain_breaker

Skill      XL: |  1  2  3  4 |
---------------+-------------+-----
Conjurations   | 5 6 |  6.2
Stealth        | 3 |  3.5
Spellcasting   | 4 |  4.7
Dodging        | |  2.9

Action                   |  1- 3 |  4- 6 || total
-------------------------+-------+-------++-------
 Cast: Magic Dart        |    76 |    46 ||   122
       Searing Ray       |       |     1 ||     1
Armor: Robe              |     1 |       ||     1
Dodge: Dodged            |     7 |     3 ||    10

Table legend: (Time is in decaauts)
 A = Elapsed time spent in this place.
 B = Non-inter-level travel time spent in this place.
 C = Inter-level travel time spent in this place.
 D = Time resting spent in this place.
 E = Time spent auto-exploring this place.
 F = Levels seen in this place.
 G = Mean time per level.
                   A        B        C        D        E       F      G
               +--------+--------+--------+--------+--------+-----+--------+
         Total |   3421 |   3403 |     18 |      0 |   2790 |   7 |  488.7 |
       Dungeon |   3269 |   3251 |     18 |      0 |   2790 |   6 |  544.8 |
        Temple |    151 |    151 |      0 |      0 |      0 |   1 |  151.0 |
               +--------+--------+--------+--------+--------+-----+--------+

Top non-repeatable levels by time:
     D:1: 1153 daAuts
     D:3: 916 daAuts
     D:2: 793 daAuts
     D:4: 346 daAuts
  Temple: 151 daAuts
     D:6: 57 daAuts
     D:5: 2 daAuts
